Colorado Rockies vs Vancouver Canucks
Created - Thursday, April 27, 2023 at 07:36
Goals
|
| Colorado Rockies |
2 |
0 |
2 |
4 |
| Vancouver Canucks |
0 |
2 |
0 |
2 |
|
Shots
|
| Colorado Rockies |
11 |
10 |
15 |
36 |
| Vancouver Canucks |
8 |
15 |
9 |
32 |
|
1st period
1. Colorado Rockies , David Pastrnak 15 (Ryan O'Reilly 18, Shea Theodore 6) at 0:37
2. Colorado Rockies , Kyle Connor 18 (Nikita Kucherov 34, Evgeny Kuznetsov 24) at 13:17
Penalties :
Ryan O'Reilly (COL) for High sticking (Minor) at 9:03, Victor Hedman (COL) for Hooking (Minor) at 16:07
2nd period
3. Vancouver Canucks , Jesperi Kotkaniemi 3 (Alex Formenton 5, Mikko Rantanen 18) at 3:54
4. Vancouver Canucks , Mikko Rantanen 25 (Clayton Keller 26, Aleksander Barkov 30) at 15:17
Penalties :
Zach Werenski (COL) for Holding Stick (Minor) at 15:24
3rd period
5. Colorado Rockies , Tim Stutzle 13 (Jesper Bratt 17, Zach Werenski 11) at 13:28
6. Colorado Rockies , Tim Stutzle 14 (Victor Hedman 11, Jesper Bratt 18) at 16:17
Penalties :
Nikita Zadorov (VAN) for Tripping (Minor) at 3:30, Victor Hedman (COL) for Hooking (Minor) at 4:13, Roman Josi (COL) for Charging (Minor) at 8:54, Quinn Hughes (COL) for Hooking (Minor) at 11:12, Miro Heiskanen (VAN) for Hooking (Minor) at 16:34
Goalie Stats
Ilya Samsonov (COL), 30 saves from 32 shots - (0.938), W, 6-3-0, 60:00 minutes
Joonas Korpisalo (VAN), 32 saves from 36 shots - (0.889), L, 5-8-6, 60:00 minutes
Players Stats for Colorado Rockies
Player Name G A P +/- PIM S H SB GA TA FO MP PP MP PK MP
------------------------------------------------------------------------------------
David Pastrnak 1 0 1 0 0 9 1 0 1 0 1/1 13:31 1:37 0:00
Dylan Strome 0 0 0 1 0 1 0 0 0 1 5/7 10:25 0:00 0:00
Evgeny Kuznetsov 0 1 1 1 0 2 0 0 0 1 7/16 16:02 1:05 0:00
Jakub Vrana 0 0 0 0 0 0 0 0 0 0 0/0 6:09 0:00 0:00
Jesper Bratt 0 2 2 1 0 1 0 0 0 0 0/1 11:48 0:00 0:11
Kyle Connor 1 0 1 1 0 2 0 0 1 0 1/4 19:09 1:05 3:01
Martin Fehervary 0 0 0 -1 0 0 3 1 0 1 0/0 20:35 0:00 6:39
Nick Bonino 0 0 0 0 0 0 0 2 0 0 1/1 9:16 0:00 3:01
Nick Schmaltz 0 0 0 0 0 3 0 0 1 0 0/0 15:43 1:37 1:19
Nikita Kucherov 0 1 1 1 0 1 1 0 1 1 1/2 16:02 1:05 0:00
Quinn Hughes 0 0 0 2 2 1 0 2 0 0 0/0 15:53 1:13 1:06
Roman Josi 0 0 0 -1 2 0 1 2 0 0 0/0 18:37 1:13 2:18
Ryan O'Reilly 0 1 1 0 2 2 0 0 0 0 15/27 19:19 1:37 4:42
Shea Theodore 0 1 1 3 0 1 0 2 0 1 0/0 19:21 0:00 3:41
Teddy Blueger 0 0 0 0 0 1 1 2 0 0 0/1 13:55 0:00 6:15
Tim Stutzle 2 0 2 1 0 6 3 0 0 0 4/4 15:41 0:00 2:47
Victor Hedman 0 1 1 0 4 3 0 1 0 0 0/0 23:36 1:28 5:27
Zach Werenski 0 1 1 1 2 3 0 0 0 2 0/0 22:58 1:29 2:05
Players Stats for Vancouver Canucks
Player Name G A P +/- PIM S H SB GA TA FO MP PP MP PK MP
------------------------------------------------------------------------------------
Adam Boqvist 0 0 0 0 0 3 0 0 0 1 0/0 20:56 6:31 1:52
Aleksander Barkov 0 1 1 0 0 5 1 1 1 0 17/31 22:34 6:34 1:31
Alex Formenton 0 1 1 0 0 1 1 2 0 0 0/1 15:49 4:04 1:07
Anton Lundell 0 0 0 -2 0 3 0 2 1 1 6/14 19:33 4:04 1:09
Artturi Lehkonen 0 0 0 -2 0 5 1 0 1 0 0/2 14:57 0:00 0:00
Casey Mittelstadt 0 0 0 0 0 2 0 0 1 0 0/3 12:40 0:00 0:36
Clayton Keller 0 1 1 0 0 3 1 1 0 0 0/1 19:57 5:51 0:43
Jacob Bryson 0 0 0 0 0 0 1 0 1 0 0/0 10:45 0:00 0:00
Jesperi Kotkaniemi 1 0 1 0 0 1 0 1 1 0 3/7 10:27 0:00 0:18
Kasperi Kapanen 0 0 0 0 0 1 1 0 0 0 0/0 9:45 4:04 0:00
Mikko Rantanen 1 1 2 0 0 2 2 0 0 1 0/2 21:16 6:34 0:00
Miro Heiskanen 0 0 0 -3 2 0 1 3 0 0 0/0 22:57 4:07 0:43
Nathan Smith 0 0 0 0 0 2 2 0 0 0 3/3 5:54 0:00 0:00
Nikita Zadorov 0 0 0 1 2 1 1 0 0 1 0/0 19:57 0:43 0:34
Noah Hanifin 0 0 0 -3 0 1 0 1 1 0 0/0 26:35 7:14 0:50
Olli Maatta 0 0 0 1 0 1 1 1 0 0 0/0 21:07 3:24 1:25
Sam Lafferty 0 0 0 -2 0 1 0 0 0 0 0/0 14:57 0:00 0:00
Taylor Raddysh 0 0 0 0 0 0 0 0 0 0 0/0 5:54 0:00 0:00
3 Stars
1 - Tim Stutzle (COL)
2 - Shea Theodore (COL)
3 - Mikko Rantanen (VAN)
Power Play
Colorado Rockies - 0 on 2 Attempt(s) - 0.00%
Vancouver Canucks - 0 on 6 Attempt(s) - 0.00%
Penalty Kill
Colorado Rockies - 6 on 6 Attempt(s) - 100.00%
- Score 0 goal in Penalty Kill
Vancouver Canucks - 2 on 2 Attempt(s) - 100.00%
- Score 0 goal in Penalty Kill
Team Stat
Colorado Rockies - Hits : 10 - Faceoff Wins : 35 - Blocked Shots : 12 - Penalty Minutes : 12
Vancouver Canucks - Hits : 13 - Faceoff Wins : 29 - Blocked Shots : 12 - Penalty Minutes : 4
Official
Referees : Wes McCauley and Dennis LaRue
Linesman : Ryan Gibbons and Bryan Pancich
Game Notes
No Game Note
Finance
Level 1 -- Attendance: 4483 (74.72%) -- Ticket Income $443,817
Level 2 -- Attendance: 3947 (78.94%) -- Ticket Income $232,873
Level 3 -- Attendance: 2787 (92.90%) -- Ticket Income $94,758
Level 4 -- Attendance: 4137 (82.74%) -- Ticket Income $99,288
Luxury Box -- Attendance: 719 (71.90%) -- Ticket Income $143,081
Game was played at the American Airlines Center.
Total Attendance: 16073 (80.37%)
Total Ticket Income: $1,013,817
Other Income: $354,836
Total Income: $1,368,653
Colorado Rockies
5 vs 5 Forward
Center Left Wing Right Wing Time % Phy DF OF
1 Evgeny Kuznetsov Kyle Connor Nikita Kucherov 33 1 2 2
2 Ryan O'Reilly Nick Schmaltz David Pastrnak 32 1 2 2
3 Dylan Strome Tim Stutzle Jesper Bratt 25 1 2 2
4 Nick Bonino Teddy Blueger Jakub Vrana 10 1 2 2
5 vs 5 Defense
Defense Defense Time % Phy DF OF
1 Victor Hedman Zach Werenski 40 1 2 2
2 Quinn Hughes Shea Theodore 30 1 2 2
3 Roman Josi Martin Fehervary 20 1 2 2
4 Zach Werenski Shea Theodore 10 1 2 2
PowerPlay Forward
Center Left Wing Right Wing Time % Phy DF OF
1 Evgeny Kuznetsov Kyle Connor Nikita Kucherov 60 1 1 3
2 Ryan O'Reilly Nick Schmaltz David Pastrnak 40 1 2 2
PowerPlay Defense
Defense Defense Time % Phy DF OF
1 Quinn Hughes Roman Josi 60 1 2 2
2 Zach Werenski Victor Hedman 40 1 2 2
Penalty Kill 4 Players Forward
Center Wing Time % Phy DF OF
1 Ryan O'Reilly Teddy Blueger 60 1 2 2
2 Nick Bonino Kyle Connor 40 1 2 2
Penalty Kill 4 Players Defense
Defense Defense Time % Phy DF OF
1 Martin Fehervary Victor Hedman 60 1 2 2
2 Roman Josi Shea Theodore 40 1 2 2
Penalty Kill - 3 Players Forward
Forward Time % Phy DF OF
1 Ryan O'Reilly 60 1 2 2
2 Teddy Blueger 40 1 2 2
Penalty Kill - 3 Players Defense
Defense Defense Time % Phy DF OF
1 Martin Fehervary Victor Hedman 60 1 2 2
2 Roman Josi Shea Theodore 40 1 2 2
4 vs 4 Forward
Center Wing Time % Phy DF OF
1 Ryan O'Reilly Nikita Kucherov 60 1 2 2
2 Evgeny Kuznetsov David Pastrnak 40 1 2 2
4 vs 4 Defense
Defense Defense Time % Phy DF OF
1 Zach Werenski Roman Josi 60 1 2 2
2 Victor Hedman Quinn Hughes 40 1 2 2
Last Minutes Offensive
Center Left Wing Right Wing Defense Defense
Evgeny Kuznetsov Kyle Connor Nikita Kucherov Victor Hedman Zach Werenski
Last Minutes Defensive
Center Left Wing Right Wing Defense Defense
Evgeny Kuznetsov Kyle Connor Nikita Kucherov Victor Hedman Zach Werenski
Goaltenders
Starting : Ilya Samsonov
Backup : Andrei Vasilevskiy
Extra Forwards
Normal : Jesper Bratt, Tim Stutzle, Nick Schmaltz - PP : Jesper Bratt, Tim Stutzle - PK : Teddy Blueger
Extra Defensemen
Normal : Shea Theodore, Martin Fehervary, Zach Werenski - PP : Shea Theodore - PK : Martin Fehervary, Zach Werenski
Penalty Shots
Jakub Vrana, Evgeny Kuznetsov, Tim Stutzle, Shea Theodore, Jesper Bratt
Vancouver Canucks
5 vs 5 Forward
Center Left Wing Right Wing Time % Phy DF OF
1 Aleksander Barkov Clayton Keller Mikko Rantanen 40 1 2 2
2 Anton Lundell Sam Lafferty Artturi Lehkonen 30 1 2 2
3 Jesperi Kotkaniemi Alex Formenton Casey Mittelstadt 20 1 2 2
4 Nathan Smith Kasperi Kapanen Taylor Raddysh 10 1 2 2
5 vs 5 Defense
Defense Defense Time % Phy DF OF
1 Miro Heiskanen Noah Hanifin 40 1 2 2
2 Nikita Zadorov Olli Maatta 30 1 2 2
3 Jacob Bryson Adam Boqvist 20 1 2 2
4 Nikita Zadorov Noah Hanifin 10 1 2 2
PowerPlay Forward
Center Left Wing Right Wing Time % Phy DF OF
1 Aleksander Barkov Clayton Keller Mikko Rantanen 60 1 2 2
2 Anton Lundell Kasperi Kapanen Alex Formenton 40 1 2 2
PowerPlay Defense
Defense Defense Time % Phy DF OF
1 Adam Boqvist Noah Hanifin 60 1 2 2
2 Olli Maatta Miro Heiskanen 40 1 2 2
Penalty Kill 4 Players Forward
Center Wing Time % Phy DF OF
1 Anton Lundell Alex Formenton 60 1 2 2
2 Aleksander Barkov Clayton Keller 40 1 2 2
Penalty Kill 4 Players Defense
Defense Defense Time % Phy DF OF
1 Miro Heiskanen Olli Maatta 60 1 2 2
2 Noah Hanifin Nikita Zadorov 40 1 2 2
Penalty Kill - 3 Players Forward
Forward Time % Phy DF OF
1 Anton Lundell 60 1 2 2
2 Aleksander Barkov 40 1 2 2
Penalty Kill - 3 Players Defense
Defense Defense Time % Phy DF OF
1 Miro Heiskanen Olli Maatta 60 1 2 2
2 Noah Hanifin Adam Boqvist 40 1 2 2
4 vs 4 Forward
Center Wing Time % Phy DF OF
1 Aleksander Barkov Mikko Rantanen 60 1 2 2
2 Anton Lundell Clayton Keller 40 1 2 2
4 vs 4 Defense
Defense Defense Time % Phy DF OF
1 Nikita Zadorov Noah Hanifin 60 1 2 2
2 Miro Heiskanen Adam Boqvist 40 1 2 2
Last Minutes Offensive
Center Left Wing Right Wing Defense Defense
Aleksander Barkov Clayton Keller Mikko Rantanen Miro Heiskanen Noah Hanifin
Last Minutes Defensive
Center Left Wing Right Wing Defense Defense
Anton Lundell Alex Formenton Clayton Keller Miro Heiskanen Olli Maatta
Goaltenders
Starting : Joonas Korpisalo
Backup : Ville Husso
Extra Forwards
Normal : Aleksander Barkov, Mikko Rantanen, Clayton Keller - PP : Aleksander Barkov, Kasperi Kapanen - PK : Aleksander Barkov
Extra Defensemen
Normal : Nikita Zadorov, Noah Hanifin, Miro Heiskanen - PP : Adam Boqvist - PK : Olli Maatta, Miro Heiskanen
Penalty Shots
Aleksander Barkov, Mikko Rantanen, Anton Lundell, Clayton Keller, Miro Heiskanen
% Time on Ice - Colorado Rockies
Lines # - Real PCT - Wanted PCT - Time Play
Normal Forward
1 - 37% - 33% - 16:50
2 - 26% - 32% - 12:00
3 - 23% - 25% - 10:25
4 - 14% - 10% - 6:09
Normal Defense
1 - 38% - 40% - 17:04
2 - 30% - 30% - 13:41
3 - 29% - 20% - 13:00
4 - 4% - 10% - 1:39
PP Forward
1 - 40% - 60% - 1:05
2 - 60% - 40% - 1:37
PP Defense
1 - 45% - 60% - 1:13
2 - 55% - 40% - 1:29
PK Forward
1 - 72% - 60% - 7:37
2 - 28% - 40% - 3:01
PK Defense
1 - 65% - 60% - 6:57
2 - 35% - 40% - 3:41
PK3 Forward
1 - 0% - 60%
2 - 0% - 40%
PK3 Defense
1 - 0% - 60%
2 - 0% - 40%
44 Forward
1 - 100% - 60% - 1:16
2 - 0% - 40% - 0:00
44 Defense
1 - 53% - 60% - 0:40
2 - 47% - 40% - 0:36
Last Minute Offensive - 0:00
Last Minute Defensive - 0:00
Total
Forward - 60:00
Defense - 60:00
|
% Time on Ice - Vancouver Canucks
Lines # - Real PCT - Wanted PCT - Time Play
Normal Forward
1 - 32% - 40% - 14:37
2 - 33% - 30% - 15:02
3 - 22% - 20% - 9:51
4 - 13% - 10% - 5:54
Normal Defense
1 - 37% - 40% - 16:35
2 - 35% - 30% - 15:44
3 - 23% - 20% - 10:30
4 - 6% - 10% - 2:35
PP Forward
1 - 62% - 60% - 6:34
2 - 38% - 40% - 4:04
PP Defense
1 - 68% - 60% - 7:14
2 - 32% - 40% - 3:24
PK Forward
1 - 73% - 60% - 1:59
2 - 27% - 40% - 0:43
PK Defense
1 - 69% - 60% - 1:52
2 - 31% - 40% - 0:50
PK3 Forward
1 - 0% - 60%
2 - 0% - 40%
PK3 Defense
1 - 0% - 60%
2 - 0% - 40%
44 Forward
1 - 100% - 60% - 1:16
2 - 0% - 40% - 0:00
44 Defense
1 - 43% - 60% - 0:33
2 - 57% - 40% - 0:43
Last Minute Offensive - 0:00
Last Minute Defensive - 0:00
Total
Forward - 60:00
Defense - 60:00
|
Play-by-Play
1st period
0:01 of 1st period - Aleksander Barkov wins face-off versus Kyle Connor in neutral zone.
0:35 of 1st period - Wrist shot by Ryan O'Reilly.
0:35 of 1st period - Stopped by Joonas Korpisalo with a rebound.
0:37 of 1st period - Wrist shot by David Pastrnak.
0:37 of 1st period - Goal by David Pastrnak - Colorado Rockies : 1 - Vancouver Canucks : 0.
0:38 of 1st period - Dylan Strome wins face-off versus Alex Formenton in neutral zone.
0:41 of 1st period - Nikita Zadorov is hit by Martin Fehervary and loses puck.
1:00 of 1st period - Alex Formenton is hit by Tim Stutzle and loses puck.
2:25 of 1st period - Snap shot by Jakub Vrana.
2:25 of 1st period - Shot Blocked by Jesperi Kotkaniemi.
2:31 of 1st period - Snap shot by Jakub Vrana.
2:31 of 1st period - Shot Blocked by Alex Formenton.
2:33 of 1st period - Slapshot by Jakub Vrana.
2:33 of 1st period - Shot Misses the Net.
2:39 of 1st period - Slapshot by Jakub Vrana.
2:39 of 1st period - Shot Misses the Net.
2:41 of 1st period - Wrist shot by Teddy Blueger.
2:41 of 1st period - Deflect By Jacob Bryson.
2:41 of 1st period - Stopped by Joonas Korpisalo with a rebound.
2:43 of 1st period - Slapshot by Martin Fehervary.
2:43 of 1st period - Shot Misses the Net.
3:45 of 1st period - Snap shot by Jakub Vrana.
3:45 of 1st period - Deflect By Teddy Blueger.
3:45 of 1st period - Shot Misses the Net.
3:45 of 1st period - Puck is out of play.
3:46 of 1st period - Ryan O'Reilly wins face-off versus Clayton Keller in Vancouver Canucks zone.
3:51 of 1st period - Snap shot by Nick Schmaltz.
3:51 of 1st period - Stopped by Joonas Korpisalo with a rebound.
4:35 of 1st period - Backhand shot by Clayton Keller.
4:35 of 1st period - Stopped by Ilya Samsonov with a rebound.
4:37 of 1st period - Wrist shot by Noah Hanifin.
4:37 of 1st period - Shot Misses the Net.
4:39 of 1st period - Snap shot by Miro Heiskanen.
4:39 of 1st period - Shot Misses the Net.
4:41 of 1st period - Slapshot by Aleksander Barkov.
4:41 of 1st period - Stopped by Ilya Samsonov with a rebound.
4:43 of 1st period - Slapshot by Noah Hanifin.
4:43 of 1st period - Stopped by Ilya Samsonov without a rebound.
4:44 of 1st period - Evgeny Kuznetsov wins face-off versus Anton Lundell in Colorado Rockies zone.
4:48 of 1st period - Off-side.
4:49 of 1st period - Evgeny Kuznetsov wins face-off versus Artturi Lehkonen in neutral zone.
5:15 of 1st period - Nick Schmaltz is hit by Nathan Smith.
5:40 of 1st period - Icing by Olli Maatta.
5:41 of 1st period - Aleksander Barkov wins face-off versus Evgeny Kuznetsov in Vancouver Canucks zone.
6:26 of 1st period - Off-side.
6:27 of 1st period - Nathan Smith wins face-off versus Dylan Strome in neutral zone.
7:02 of 1st period - Snap shot by Taylor Raddysh.
7:02 of 1st period - Shot Misses the Net.
7:04 of 1st period - Snap shot by Taylor Raddysh.
7:04 of 1st period - Shot Misses the Net.
7:06 of 1st period - Snap shot by Taylor Raddysh.
7:06 of 1st period - Shot Misses the Net.
7:08 of 1st period - Backhand shot by Kasperi Kapanen.
7:08 of 1st period - Stopped by Ilya Samsonov without a rebound.
7:09 of 1st period - Evgeny Kuznetsov wins face-off versus Anton Lundell in Colorado Rockies zone.
7:45 of 1st period - Victor Hedman is hit by Mikko Rantanen and loses puck.
8:00 of 1st period - Snap shot by Jesper Bratt.
8:00 of 1st period - Shot Blocked by Alex Formenton.
8:02 of 1st period - Wrist shot by Dylan Strome.
8:02 of 1st period - Shot Misses the Net.
8:44 of 1st period - Snap shot by Taylor Raddysh.
8:44 of 1st period - Shot Misses the Net.
9:03 of 1st period - Minor Penalty to Ryan O'Reilly for High sticking.
9:04 of 1st period - Tim Stutzle wins face-off versus Mikko Rantanen in Colorado Rockies zone.
9:18 of 1st period - Snap shot by Clayton Keller.
9:18 of 1st period - Stopped by Ilya Samsonov without a rebound.
9:19 of 1st period - Tim Stutzle wins face-off versus Aleksander Barkov in Colorado Rockies zone.
9:32 of 1st period - Backhand shot by Aleksander Barkov.
9:32 of 1st period - Stopped by Ilya Samsonov with a rebound.
9:34 of 1st period - Slapshot by Adam Boqvist.
9:34 of 1st period - Stopped by Ilya Samsonov without a rebound.
9:35 of 1st period - Tim Stutzle wins face-off versus Mikko Rantanen in Colorado Rockies zone.
11:03 of 1st period - Penalty to Ryan O'Reilly is over, Ryan O'Reilly is back on ice.
11:16 of 1st period - Wrist shot by Jesperi Kotkaniemi.
11:16 of 1st period - Shot Blocked by Shea Theodore.
11:28 of 1st period - Shea Theodore is hit by Artturi Lehkonen.
12:32 of 1st period - Off-side.
12:33 of 1st period - Nathan Smith wins face-off versus Evgeny Kuznetsov in neutral zone.
12:56 of 1st period - Nick Schmaltz is hit by Aleksander Barkov and loses puck.
13:03 of 1st period - Wrist shot by Aleksander Barkov.
13:03 of 1st period - Shot Misses the Net.
13:05 of 1st period - Slapshot by Miro Heiskanen.
13:05 of 1st period - Deflect By Clayton Keller.
13:05 of 1st period - Shot Blocked by Roman Josi.
13:05 of 1st period - Puck is out of play.
13:06 of 1st period - Evgeny Kuznetsov wins face-off versus Anton Lundell in Colorado Rockies zone.
13:13 of 1st period - Wrist shot by Evgeny Kuznetsov.
13:13 of 1st period - Stopped by Joonas Korpisalo without a rebound.
13:14 of 1st period - Evgeny Kuznetsov wins face-off versus Artturi Lehkonen in Vancouver Canucks zone.
13:15 of 1st period - Wrist shot by Nikita Kucherov.
13:15 of 1st period - Shot Misses the Net.
13:17 of 1st period - Wrist shot by Kyle Connor.
13:17 of 1st period - Goal by Kyle Connor - Colorado Rockies : 2 - Vancouver Canucks : 0.
13:18 of 1st period - Dylan Strome wins face-off versus Aleksander Barkov in neutral zone.
13:51 of 1st period - Snap shot by David Pastrnak.
13:51 of 1st period - Stopped by Joonas Korpisalo with a rebound.
13:53 of 1st period - Snap shot by Ryan O'Reilly.
13:53 of 1st period - Stopped by Joonas Korpisalo without a rebound.
13:54 of 1st period - Ryan O'Reilly wins face-off versus Anton Lundell in Vancouver Canucks zone.
14:40 of 1st period - Wrist shot by Tim Stutzle.
14:40 of 1st period - Stopped by Joonas Korpisalo with a rebound.
14:46 of 1st period - Shea Theodore is hit by Miro Heiskanen and loses puck.
15:00 of 1st period - Off-side.
15:01 of 1st period - Anton Lundell wins face-off versus Teddy Blueger in neutral zone.
15:04 of 1st period - Slapshot by Anton Lundell.
15:04 of 1st period - Shot Blocked by Nick Bonino.
15:26 of 1st period - Victor Hedman is hit by Mikko Rantanen and loses puck.
15:33 of 1st period - Wrist shot by David Pastrnak.
15:33 of 1st period - Shot Misses the Net.
15:35 of 1st period - Snap shot by Nick Schmaltz.
15:35 of 1st period - Shot Hit the Post.
16:01 of 1st period - Snap shot by Jesperi Kotkaniemi.
16:01 of 1st period - Deflect By Casey Mittelstadt.
16:01 of 1st period - Shot Blocked by Roman Josi.
16:01 of 1st period - Puck is out of play.
16:02 of 1st period - Aleksander Barkov wins face-off versus Nikita Kucherov in Colorado Rockies zone.
16:05 of 1st period - Wrist shot by Clayton Keller.
16:05 of 1st period - Shot Misses the Net.
16:07 of 1st period - Minor Penalty to Victor Hedman for Hooking.
16:08 of 1st period - Ryan O'Reilly wins face-off versus Aleksander Barkov in Colorado Rockies zone.
16:45 of 1st period - Wrist shot by Kasperi Kapanen.
16:45 of 1st period - Shot Misses the Net.
18:07 of 1st period - Penalty to Victor Hedman is over, Victor Hedman is back on ice.
18:16 of 1st period - Wrist shot by Tim Stutzle.
18:16 of 1st period - Shot Misses the Net.
18:38 of 1st period - Wrist shot by Kasperi Kapanen.
18:38 of 1st period - Deflect By Kyle Connor.
18:38 of 1st period - Shot Misses the Net.
18:38 of 1st period - Puck is out of play.
18:39 of 1st period - Nathan Smith wins face-off versus Evgeny Kuznetsov in Colorado Rockies zone.
19:04 of 1st period - Wrist shot by David Pastrnak.
19:04 of 1st period - Stopped by Joonas Korpisalo without a rebound.
19:05 of 1st period - David Pastrnak wins face-off versus Aleksander Barkov in Vancouver Canucks zone.
19:14 of 1st period - Slapshot by David Pastrnak.
19:14 of 1st period - Shot Blocked by Clayton Keller.
19:22 of 1st period - Snap shot by David Pastrnak.
19:22 of 1st period - Stopped by Joonas Korpisalo with a rebound.
19:32 of 1st period - Martin Fehervary is hit by Nikita Zadorov and loses puck.
19:37 of 1st period - Wrist shot by Artturi Lehkonen.
19:37 of 1st period - Stopped by Ilya Samsonov with a rebound.
19:43 of 1st period - Anton Lundell is hit by Martin Fehervary and loses puck.
19:56 of 1st period - Wrist shot by Jesperi Kotkaniemi.
19:56 of 1st period - Shot Misses the Net.
19:58 of 1st period - Snap shot by Alex Formenton.
19:58 of 1st period - Deflect By Casey Mittelstadt.
19:58 of 1st period - Deflect By Jesper Bratt.
19:58 of 1st period - Shot Misses the Net.
19:58 of 1st period - Puck is out of play.
19:59 of 1st period - Ryan O'Reilly wins face-off versus Casey Mittelstadt in Colorado Rockies zone.
Goals for this period are 2 for Colorado Rockies vs 0 for Vancouver Canucks.
Shots for this period are 11 for Colorado Rockies vs 8 for Vancouver Canucks.
2nd period
0:01 of 2nd period - Aleksander Barkov wins face-off versus Kyle Connor in neutral zone.
0:08 of 2nd period - Wrist shot by Mikko Rantanen.
0:08 of 2nd period - Stopped by Ilya Samsonov with a rebound.
0:38 of 2nd period - Slapshot by Nick Schmaltz.
0:38 of 2nd period - Shot Blocked by Anton Lundell.
1:13 of 2nd period - Snap shot by Kasperi Kapanen.
1:13 of 2nd period - Shot Misses the Net.
1:15 of 2nd period - Slapshot by Nathan Smith.
1:15 of 2nd period - Shot Misses the Net.
1:17 of 2nd period - Snap shot by Kasperi Kapanen.
1:17 of 2nd period - Shot Blocked by Victor Hedman.
1:19 of 2nd period - Wrist shot by Nathan Smith.
1:19 of 2nd period - Stopped by Ilya Samsonov without a rebound.
1:20 of 2nd period - Ryan O'Reilly wins face-off versus Aleksander Barkov in Colorado Rockies zone.
1:20 of 2nd period - Ryan O'Reilly is hit by Clayton Keller.
1:47 of 2nd period - Off-side.
1:48 of 2nd period - Evgeny Kuznetsov wins face-off versus Anton Lundell in neutral zone.
2:05 of 2nd period - Snap shot by Evgeny Kuznetsov.
2:05 of 2nd period - Stopped by Joonas Korpisalo with a rebound.
2:07 of 2nd period - Slapshot by Quinn Hughes.
2:07 of 2nd period - Stopped by Joonas Korpisalo with a rebound.
2:21 of 2nd period - Snap shot by Nikita Kucherov.
2:21 of 2nd period - Shot Blocked by Anton Lundell.
2:57 of 2nd period - Anton Lundell is hit by Roman Josi and loses puck.
3:08 of 2nd period - Snap shot by Anton Lundell.
3:08 of 2nd period - Shot Misses the Net.
3:10 of 2nd period - Wrist shot by Artturi Lehkonen.
3:10 of 2nd period - Shot Misses the Net.
3:12 of 2nd period - Wrist shot by Sam Lafferty.
3:12 of 2nd period - Shot Blocked by Martin Fehervary.
3:14 of 2nd period - Snap shot by Sam Lafferty.
3:14 of 2nd period - Stopped by Ilya Samsonov without a rebound.
3:15 of 2nd period - Ryan O'Reilly wins face-off versus Aleksander Barkov in Colorado Rockies zone.
3:20 of 2nd period - Slapshot by Zach Werenski.
3:20 of 2nd period - Deflect By Mikko Rantanen.
3:20 of 2nd period - Stopped by Joonas Korpisalo without a rebound.
3:21 of 2nd period - Aleksander Barkov wins face-off versus Ryan O'Reilly in Vancouver Canucks zone.
3:28 of 2nd period - Wrist shot by Aleksander Barkov.
3:28 of 2nd period - Shot Misses the Net.
3:54 of 2nd period - Snap shot by Jesperi Kotkaniemi.
3:54 of 2nd period - Goal by Jesperi Kotkaniemi - Colorado Rockies : 2 - Vancouver Canucks : 1.
3:55 of 2nd period - Ryan O'Reilly wins face-off versus Aleksander Barkov in neutral zone.
3:58 of 2nd period - Slapshot by Zach Werenski.
3:58 of 2nd period - Stopped by Joonas Korpisalo with a rebound.
4:50 of 2nd period - Snap shot by Artturi Lehkonen.
4:50 of 2nd period - Shot Misses the Net.
4:54 of 2nd period - Wrist shot by Artturi Lehkonen.
4:54 of 2nd period - Stopped by Ilya Samsonov without a rebound.
4:55 of 2nd period - Aleksander Barkov wins face-off versus Ryan O'Reilly in Colorado Rockies zone.
5:48 of 2nd period - Nick Bonino is hit by Olli Maatta and loses puck.
5:59 of 2nd period - Slapshot by Artturi Lehkonen.
5:59 of 2nd period - Stopped by Ilya Samsonov without a rebound.
6:00 of 2nd period - Ryan O'Reilly wins face-off versus Aleksander Barkov in Colorado Rockies zone.
6:29 of 2nd period - Wrist shot by Nathan Smith.
6:29 of 2nd period - Stopped by Ilya Samsonov with a rebound.
6:31 of 2nd period - Wrist shot by Taylor Raddysh.
6:31 of 2nd period - Shot Misses the Net.
6:33 of 2nd period - Slapshot by Jacob Bryson.
6:33 of 2nd period - Shot Blocked by Quinn Hughes.
6:35 of 2nd period - Wrist shot by Nathan Smith.
6:35 of 2nd period - Shot Blocked by Quinn Hughes.
6:37 of 2nd period - Slapshot by Adam Boqvist.
6:37 of 2nd period - Stopped by Ilya Samsonov without a rebound.
6:38 of 2nd period - Kyle Connor wins face-off versus Aleksander Barkov in Colorado Rockies zone.
7:11 of 2nd period - Wrist shot by Dylan Strome.
7:11 of 2nd period - Shot Misses the Net.
7:13 of 2nd period - Slapshot by Zach Werenski.
7:13 of 2nd period - Shot Blocked by Miro Heiskanen.
7:57 of 2nd period - Slapshot by Nick Schmaltz.
7:57 of 2nd period - Stopped by Joonas Korpisalo with a rebound.
11:17 of 2nd period - Snap shot by Aleksander Barkov.
11:17 of 2nd period - Stopped by Ilya Samsonov with a rebound.
11:19 of 2nd period - Slapshot by Olli Maatta.
11:19 of 2nd period - Stopped by Ilya Samsonov without a rebound.
11:20 of 2nd period - Ryan O'Reilly wins face-off versus Anton Lundell in Colorado Rockies zone.
11:27 of 2nd period - Wrist shot by Nick Schmaltz.
11:27 of 2nd period - Stopped by Joonas Korpisalo with a rebound.
11:46 of 2nd period - Snap shot by Jesper Bratt.
11:46 of 2nd period - Stopped by Joonas Korpisalo with a rebound.
11:50 of 2nd period - Snap shot by Tim Stutzle.
11:50 of 2nd period - Stopped by Joonas Korpisalo without a rebound.
11:51 of 2nd period - Dylan Strome wins face-off versus Aleksander Barkov in Vancouver Canucks zone.
12:25 of 2nd period - Snap shot by Casey Mittelstadt.
12:25 of 2nd period - Stopped by Ilya Samsonov with a rebound.
12:27 of 2nd period - Slapshot by Nikita Zadorov.
12:27 of 2nd period - Stopped by Ilya Samsonov with a rebound.
12:47 of 2nd period - Wrist shot by David Pastrnak.
12:47 of 2nd period - Stopped by Joonas Korpisalo with a rebound.
12:49 of 2nd period - Snap shot by Ryan O'Reilly.
12:49 of 2nd period - Deflect By David Pastrnak.
12:49 of 2nd period - Shot Misses the Net.
12:49 of 2nd period - Puck is out of play.
12:50 of 2nd period - Aleksander Barkov wins face-off versus Ryan O'Reilly in Vancouver Canucks zone.
13:39 of 2nd period - Jesperi Kotkaniemi is hit by Tim Stutzle and loses puck.
14:40 of 2nd period - Backhand shot by David Pastrnak.
14:40 of 2nd period - Stopped by Joonas Korpisalo without a rebound.
14:41 of 2nd period - Nikita Kucherov wins face-off versus Anton Lundell in Vancouver Canucks zone.
15:11 of 2nd period - Wrist shot by Clayton Keller.
15:11 of 2nd period - Shot Misses the Net.
15:17 of 2nd period - Snap shot by Clayton Keller.
15:17 of 2nd period - Deflect By Mikko Rantanen.
15:17 of 2nd period - Goal by Mikko Rantanen - Colorado Rockies : 2 - Vancouver Canucks : 2.
15:18 of 2nd period - Aleksander Barkov wins face-off versus Evgeny Kuznetsov in neutral zone.
15:24 of 2nd period - Minor Penalty to Zach Werenski for Holding Stick.
15:25 of 2nd period - Aleksander Barkov wins face-off versus Ryan O'Reilly in Colorado Rockies zone.
15:25 of 2nd period - Wrist shot by Clayton Keller.
15:25 of 2nd period - Stopped by Ilya Samsonov with a rebound.
15:27 of 2nd period - Slapshot by Adam Boqvist.
15:27 of 2nd period - Shot Blocked by Teddy Blueger.
15:29 of 2nd period - Slapshot by Adam Boqvist.
15:29 of 2nd period - Stopped by Ilya Samsonov without a rebound.
15:30 of 2nd period - Aleksander Barkov wins face-off versus Ryan O'Reilly in Colorado Rockies zone.
17:24 of 2nd period - Penalty to Zach Werenski is over, Zach Werenski is back on ice.
19:25 of 2nd period - Quinn Hughes is hit by Kasperi Kapanen and loses puck.
Goals for this period are 0 for Colorado Rockies vs 2 for Vancouver Canucks.
Shots for this period are 10 for Colorado Rockies vs 15 for Vancouver Canucks.
3rd period
0:01 of 3rd period - Ryan O'Reilly wins face-off versus Aleksander Barkov in neutral zone.
0:04 of 3rd period - Snap shot by David Pastrnak.
0:04 of 3rd period - Deflect By Nick Schmaltz.
0:04 of 3rd period - Shot Misses the Net.
0:04 of 3rd period - Puck is out of play.
0:05 of 3rd period - Aleksander Barkov wins face-off versus Ryan O'Reilly in Vancouver Canucks zone.
0:15 of 3rd period - Wrist shot by David Pastrnak.
0:15 of 3rd period - Stopped by Joonas Korpisalo with a rebound.
0:31 of 3rd period - Wrist shot by Anton Lundell.
0:31 of 3rd period - Deflect By Artturi Lehkonen.
0:31 of 3rd period - Shot Misses the Net.
0:31 of 3rd period - Puck is out of play.
0:32 of 3rd period - Anton Lundell wins face-off versus Evgeny Kuznetsov in Colorado Rockies zone.
0:37 of 3rd period - Snap shot by Artturi Lehkonen.
0:37 of 3rd period - Stopped by Ilya Samsonov with a rebound.
1:23 of 3rd period - Snap shot by Nikita Kucherov.
1:23 of 3rd period - Shot Misses the Net.
1:25 of 3rd period - Wrist shot by Roman Josi.
1:25 of 3rd period - Shot Misses the Net.
1:27 of 3rd period - Snap shot by Nikita Kucherov.
1:27 of 3rd period - Stopped by Joonas Korpisalo with a rebound.
1:29 of 3rd period - Slapshot by Roman Josi.
1:29 of 3rd period - Shot Blocked by Olli Maatta.
2:10 of 3rd period - Snap shot by Anton Lundell.
2:10 of 3rd period - Shot Misses the Net.
2:20 of 3rd period - Wrist shot by Artturi Lehkonen.
2:20 of 3rd period - Shot Misses the Net.
2:22 of 3rd period - Snap shot by Sam Lafferty.
2:22 of 3rd period - Shot Misses the Net.
2:24 of 3rd period - Slapshot by Anton Lundell.
2:24 of 3rd period - Stopped by Ilya Samsonov with a rebound.
2:51 of 3rd period - Nikita Zadorov is hit by Martin Fehervary and loses puck.
3:30 of 3rd period - Minor Penalty to Nikita Zadorov for Tripping.
3:31 of 3rd period - Aleksander Barkov wins face-off versus Ryan O'Reilly in Vancouver Canucks zone.
3:43 of 3rd period - Snap shot by Zach Werenski.
3:43 of 3rd period - Shot Misses the Net.
4:13 of 3rd period - Minor Penalty to Victor Hedman for Hooking.
4:14 of 3rd period - Aleksander Barkov wins face-off versus Ryan O'Reilly in Colorado Rockies zone.
4:22 of 3rd period - Snap shot by Mikko Rantanen.
4:22 of 3rd period - Shot Misses the Net.
5:11 of 3rd period - Icing by Nick Schmaltz.
5:12 of 3rd period - Tim Stutzle wins face-off versus Casey Mittelstadt in Colorado Rockies zone.
5:30 of 3rd period - Penalty to Nikita Zadorov is over, Nikita Zadorov is back on ice.
6:13 of 3rd period - Penalty to Victor Hedman is over, Victor Hedman is back on ice.
6:26 of 3rd period - Mikko Rantanen is hit by Teddy Blueger.
6:48 of 3rd period - Wrist shot by Tim Stutzle.
6:48 of 3rd period - Stopped by Joonas Korpisalo with a rebound.
6:50 of 3rd period - Slapshot by Zach Werenski.
6:50 of 3rd period - Shot Blocked by Miro Heiskanen.
6:52 of 3rd period - Wrist shot by Victor Hedman.
6:52 of 3rd period - Shot Blocked by Noah Hanifin.
6:54 of 3rd period - Snap shot by Martin Fehervary.
6:54 of 3rd period - Shot Blocked by Aleksander Barkov.
6:56 of 3rd period - Slapshot by Teddy Blueger.
6:56 of 3rd period - Shot Misses the Net.
6:58 of 3rd period - Slapshot by Zach Werenski.
6:58 of 3rd period - Stopped by Joonas Korpisalo with a rebound.
7:06 of 3rd period - Wrist shot by Victor Hedman.
7:06 of 3rd period - Stopped by Joonas Korpisalo without a rebound.
7:07 of 3rd period - Ryan O'Reilly wins face-off versus Casey Mittelstadt in Vancouver Canucks zone.
7:10 of 3rd period - Wrist shot by Nick Schmaltz.
7:10 of 3rd period - Shot Misses the Net.
7:22 of 3rd period - Snap shot by Alex Formenton.
7:22 of 3rd period - Stopped by Ilya Samsonov without a rebound.
7:23 of 3rd period - Anton Lundell wins face-off versus Kyle Connor in Colorado Rockies zone.
7:26 of 3rd period - Wrist shot by Artturi Lehkonen.
7:26 of 3rd period - Deflect By Sam Lafferty.
7:26 of 3rd period - Shot Misses the Net.
7:26 of 3rd period - Puck is out of play.
7:27 of 3rd period - Anton Lundell wins face-off versus Evgeny Kuznetsov in Colorado Rockies zone.
7:38 of 3rd period - Wrist shot by Artturi Lehkonen.
7:38 of 3rd period - Stopped by Ilya Samsonov without a rebound.
7:39 of 3rd period - Jesperi Kotkaniemi wins face-off versus Ryan O'Reilly in Colorado Rockies zone.
8:05 of 3rd period - Victor Hedman is hit by Jacob Bryson and loses puck.
8:30 of 3rd period - Shea Theodore is hit by Nathan Smith.
8:45 of 3rd period - Icing by Noah Hanifin.
8:46 of 3rd period - Nick Bonino wins face-off versus Jesperi Kotkaniemi in Vancouver Canucks zone.
8:54 of 3rd period - Minor Penalty to Roman Josi for Charging.
8:55 of 3rd period - Ryan O'Reilly wins face-off versus Aleksander Barkov in Colorado Rockies zone.
9:08 of 3rd period - Slapshot by Aleksander Barkov.
9:08 of 3rd period - Stopped by Ilya Samsonov without a rebound.
9:09 of 3rd period - Aleksander Barkov wins face-off versus Ryan O'Reilly in Colorado Rockies zone.
9:16 of 3rd period - Snap shot by Clayton Keller.
9:16 of 3rd period - Shot Misses the Net.
9:18 of 3rd period - Slapshot by Adam Boqvist.
9:18 of 3rd period - Deflect By Aleksander Barkov.
9:18 of 3rd period - Stopped by Ilya Samsonov without a rebound.
9:19 of 3rd period - Aleksander Barkov wins face-off versus Ryan O'Reilly in Colorado Rockies zone.
9:24 of 3rd period - Slapshot by Clayton Keller.
9:24 of 3rd period - Shot Blocked by Teddy Blueger.
10:20 of 3rd period - Wrist shot by Anton Lundell.
10:20 of 3rd period - Shot Blocked by Shea Theodore.
10:22 of 3rd period - Snap shot by Alex Formenton.
10:22 of 3rd period - Shot Misses the Net.
10:24 of 3rd period - Wrist shot by Anton Lundell.
10:24 of 3rd period - Shot Blocked by Nick Bonino.
10:26 of 3rd period - Snap shot by Kasperi Kapanen.
10:26 of 3rd period - Deflect By Anton Lundell.
10:26 of 3rd period - Stopped by Ilya Samsonov without a rebound.
10:27 of 3rd period - Ryan O'Reilly wins face-off versus Aleksander Barkov in Colorado Rockies zone.
10:54 of 3rd period - Penalty to Roman Josi is over, Roman Josi is back on ice.
11:03 of 3rd period - Off-side.
11:04 of 3rd period - Jesperi Kotkaniemi wins face-off versus Dylan Strome in neutral zone.
11:12 of 3rd period - Minor Penalty to Quinn Hughes for Hooking.
11:13 of 3rd period - Ryan O'Reilly wins face-off versus Aleksander Barkov in Colorado Rockies zone.
11:40 of 3rd period - Martin Fehervary is hit by Alex Formenton and loses puck.
13:12 of 3rd period - Penalty to Quinn Hughes is over, Quinn Hughes is back on ice.
13:19 of 3rd period - Mikko Rantanen is hit by Tim Stutzle and loses puck.
13:26 of 3rd period - Snap shot by Tim Stutzle.
13:26 of 3rd period - Shot Blocked by Miro Heiskanen.
13:28 of 3rd period - Snap shot by Tim Stutzle.
13:28 of 3rd period - Goal by Tim Stutzle - Colorado Rockies : 3 - Vancouver Canucks : 2.
13:29 of 3rd period - Ryan O'Reilly wins face-off versus Jesperi Kotkaniemi in neutral zone.
13:36 of 3rd period - Snap shot by David Pastrnak.
13:36 of 3rd period - Stopped by Joonas Korpisalo with a rebound.
13:59 of 3rd period - Snap shot by Anton Lundell.
13:59 of 3rd period - Stopped by Ilya Samsonov without a rebound.
14:00 of 3rd period - Aleksander Barkov wins face-off versus Jesper Bratt in Colorado Rockies zone.
14:31 of 3rd period - Miro Heiskanen is hit by David Pastrnak and loses puck.
14:52 of 3rd period - Snap shot by Nikita Kucherov.
14:52 of 3rd period - Deflect By Kyle Connor.
14:52 of 3rd period - Stopped by Joonas Korpisalo with a rebound.
14:54 of 3rd period - Slapshot by Shea Theodore.
14:54 of 3rd period - Stopped by Joonas Korpisalo without a rebound.
14:55 of 3rd period - Aleksander Barkov wins face-off versus Ryan O'Reilly in Vancouver Canucks zone.
15:08 of 3rd period - Wrist shot by David Pastrnak.
15:08 of 3rd period - Stopped by Joonas Korpisalo with a rebound.
15:10 of 3rd period - Snap shot by Victor Hedman.
15:10 of 3rd period - Stopped by Joonas Korpisalo with a rebound.
15:26 of 3rd period - Wrist shot by Tim Stutzle.
15:26 of 3rd period - Stopped by Joonas Korpisalo with a rebound.
15:28 of 3rd period - Slapshot by Victor Hedman.
15:28 of 3rd period - Stopped by Joonas Korpisalo with a rebound.
15:43 of 3rd period - Off-side.
15:44 of 3rd period - Anton Lundell wins face-off versus Evgeny Kuznetsov in neutral zone.
15:50 of 3rd period - Icing by Nikita Kucherov.
15:51 of 3rd period - Jesperi Kotkaniemi wins face-off versus Evgeny Kuznetsov in Colorado Rockies zone.
15:58 of 3rd period - Slapshot by Casey Mittelstadt.
15:58 of 3rd period - Stopped by Ilya Samsonov with a rebound.
16:03 of 3rd period - Off-side.
16:04 of 3rd period - Dylan Strome wins face-off versus Jesperi Kotkaniemi in neutral zone.
16:13 of 3rd period - Slapshot by Jesper Bratt.
16:13 of 3rd period - Shot Misses the Net.
16:15 of 3rd period - Slapshot by Victor Hedman.
16:15 of 3rd period - Shot Misses the Net.
16:17 of 3rd period - Snap shot by Victor Hedman.
16:17 of 3rd period - Deflect By Tim Stutzle.
16:17 of 3rd period - Goal by Tim Stutzle - Colorado Rockies : 4 - Vancouver Canucks : 2.
16:18 of 3rd period - Dylan Strome wins face-off versus Jesperi Kotkaniemi in neutral zone.
16:34 of 3rd period - Minor Penalty to Miro Heiskanen for Hooking.
16:35 of 3rd period - Anton Lundell wins face-off versus Evgeny Kuznetsov in Vancouver Canucks zone.
16:35 of 3rd period - Anton Lundell is hit by Nikita Kucherov.
17:31 of 3rd period - Snap shot by Aleksander Barkov.
17:31 of 3rd period - Shot Misses the Net.
18:08 of 3rd period - Icing by Zach Werenski.
18:09 of 3rd period - Evgeny Kuznetsov wins face-off versus Anton Lundell in Colorado Rockies zone.
18:34 of 3rd period - Penalty to Miro Heiskanen is over, Miro Heiskanen is back on ice.
18:38 of 3rd period - Slapshot by Jesper Bratt.
18:38 of 3rd period - Shot Misses the Net.
18:40 of 3rd period - Wrist shot by Dylan Strome.
18:40 of 3rd period - Stopped by Joonas Korpisalo with a rebound.
Goals for this period are 2 for Colorado Rockies vs 0 for Vancouver Canucks.
Shots for this period are 15 for Colorado Rockies vs 9 for Vancouver Canucks.
Back to the Top